 Dungeon Crawl Stone Soup version 0.21.1-1-g345015f (webtiles) character file.

59 Kagorn the Cutter (level 3, -3/29 HPs)
             Began as a Vampire Berserker on June 5, 2018.
             Was a Believer of Trog.
             Killed by divine providence
             ... invoked by an orc priest
              (14 damage)
             ... on level 3 of the Dungeon.
             The game lasted 00:12:08 (2208 turns).

Kagorn the Cutter (Vampire Berserker)               Turns: 2208, Time: 00:12:11

Health: -3/29      AC:  4    Str: 16    XL:     3   Next: 78%
Magic:  3/3        EV: 13    Int:  9    God:    Trog [**....]
Gold:   82         SH:  0    Dex: 14    Spells: 2/2 levels left

rFire    . . .     SeeInvis +   a - +0 short sword
rCold    . . .     Gourm    .   (no shield)
rNeg     + . .     Faith    .   e - +0 leather armour
rPois    .         Spirit   .   (no helmet)
rElec    .         Reflect  .   l - +0 cloak
rCorr    .         Harm     .   (no gloves)
MR       .....                  (no boots)
Stlth    +.........             (no amulet)
HPRegen  0.09/turn              (no ring)
MPRegen  0.08/turn              (no ring)

@: no status effects
A: fangs 3, see invisible, unbreathing
a: Bat Form, Berserk, Trog's Hand, Burn Spellbooks, Renounce Religion


You were on level 3 of the Dungeon.
You worshipped Trog.
Trog was pleased with you.
You were not thirsty.

You visited 1 branch of the dungeon, and saw 3 of its levels.

You collected 82 gold pieces.

Inventory:

Hand Weapons
 a - a +0 short sword (weapon)
Armour
 e - a +0 leather armour (worn)
 l - a +0 cloak (worn)
Jewellery
 g - an uncursed ring of protection from fire {unknown}
Scrolls
 b - a scroll of random uselessness {unknown}
 c - 4 scrolls of identify {unknown}
 f - a scroll of fog {unknown}
 h - a scroll of remove curse {unknown}
 j - a scroll of noise {unknown}
 m - a scroll of enchant weapon {unknown}
Potions
 d - 15 potions of blood
 i - a potion of degeneration {unknown}
 k - a potion of heal wounds {unknown}


   Skills:
 + Level 3.1 Fighting
 + Level 4.2 Short Blades
 + Level 1.9 Armour
 + Level 2.8 Dodging


You had 2 spell levels left.
You didn't know any spells.

Dungeon Overview and Level Annotations

Branches:
Dungeon (3/15)

Altars:


Innate Abilities, Weirdness & Mutations

You have razor-sharp teeth.
You have supernaturally acute eyesight. (SInv)
You can survive without breathing.


Message History

a short sword; 17 stones; a kobold corpse You bottle the corpse's blood.
d - 15 potions of blood (gained 1)
Things that are here:
a short sword; 17 stones; a kobold skeleton
Found a dented steel amulet.
Found a pink potion and a small silver ring.
Found a spear.
An orc comes into view.
It is wielding a hand axe of distortion.
You see here a dented steel amulet.
The orc closely misses you.
An orc priest comes into view. It is wielding a club.
The orc priest shouts!
You hit the orc.
The orc is almost dead.
You hear a shout!
The orc misses you.
The orc priest calls down the wrath of Beogh upon you.
Beogh smites you!
You die...

#...#..##..#
###...#..##..#
.)##....##..#
#.##)...##..#
####.###.......###
#................#
#.."........).....
#........>.)......
#@................
#o......#.###(((..
#....####.# ####..
.!....# #.# #..
.......# #.#
####.. ..=..###
#.. ...... o...#
####.. .....# #..
#..


You could see an orc priest and an orc.

Vanquished Creatures
  An adder (D:2)
  A worm (D:2)
  A dart slug (D:1)
  2 leopard geckos
  An orc (D:3)
  4 goblins
  6 hobgoblins
  7 jackals (D:1)
  A quokka (D:2)
  2 bats
  3 frilled lizards
  7 kobolds
  4 rats
40 creatures vanquished.

Notes
Turn   | Place    | Note
-------+----------+-------------------------------------------
     0 | D:1      | Kagorn the Vampire Berserker began the quest for the Orb.
     0 | D:1      | Reached XP level 1. HP: 17/17 MP: 1/1
   563 | D:1      | Reached XP level 2. HP: 21/23 MP: 2/2
   718 | D:1      | You fall through a shaft!
  1291 | D:1      | Reached skill level 4 in Short Blades
  1331 | D:1      | Reached ** piety under Trog
  1331 | D:1      | Reached XP level 3. HP: 9/29 MP: 3/3
  2208 | D:3      | Killed from afar by an orc priest

Skill      XL: |  1  2 |
---------------+-------+-----
Short Blades   | 4 |  4.2
Fighting       | 3 |  3.1
Armour         | |  1.9
Dodging        | |  2.8

Action                   || total
-------------------------++-------
Melee: Short sword       ||   129
       Bite              ||    10
Invok: Berserk           ||     1
  Use: Potion            ||     7
Armor: Animal skin       ||     5
       Leather armour    ||    22
Dodge: Dodged            ||    92
